 Dungeon Crawl Stone Soup version 0.31-a0-1074-g0b22e4e0f1 (webtiles) character file.

Game seed: 7632787622504328706

155393 jasper the Slayer (level 17, -4/175 HPs)
             Began as a Minotaur Fighter on Nov 28, 2023.
             Was the Champion of the Shining One.
             Slain by a salamander tyrant (23 damage)
             ... on level 3 of the Snake Pit.
             The game lasted 00:40:46 (27054 turns).

jasper the Slayer (Minotaur Fighter)               Turns: 27054, Time: 00:40:47

Health: -4/175     AC: 38    Str: 24    XL:     17   Next: 8%
Magic:  31/31      EV: 16    Int:  5    God:    the Shining One [******]
Gold:   1205       SH:  2    Dex: 17    Spells: 16/16 levels left

rFire   . . .        z - +1 battleaxe (freeze)
rCold   + + .        (shield currently unavailable)
rNeg    + + +        q - +4 plate armour {rC+}
rPois   +            (helmet restricted)
rElec   .            T - +3 cloak of Uttula {Str+2}
rCorr   +            C - +2 pair of gloves "Ygetsaw" {rN++}
SInv    .            a - +3 pair of mountain boots {steadfast, rC+}
Will    +....        i - amulet of Vitality {RegenMP++ Regen++} Stlth
                     Y - ring of the Octopus King {rCorr HP+2 AC+2 EV+2 SH+2}
HPRegen 2.09/turn    W - ring "Jeixak" {rPois rN+ MP+9}
MPRegen 1.02/turn

%: no passive effects
@: weakened, glowing, unable to drink
A: horns 2, retaliatory headbutt, iridescent scales 1, inability to drink after
injury 1
a: Renounce Religion, Divine Shield, Cleansing Flame, Summon Divine Warrior,
Brand Weapon With Holy Wrath


You were on level 3 of the Snake Pit.
You worshipped the Shining One.
The Shining One was exalted by your worship.
You visited 5 branches of the dungeon, and saw 26 of its levels.
You also visited: Sewer.

You collected 2922 gold pieces.
You spent 1687 gold pieces at shops.
You donated 30 gold pieces to Zin.

Inventory:

Hand Weapons
 j - a +2 hand axe of flaming
 z - a +1 battleaxe of freezing (weapon)
 D - a +0 battleaxe
Missiles
 c - 21 boomerangs
 e - 112 stones (quivered)
 u - 4 javelins
 J - 4 curare-tipped darts
Armour
 a - the +3 pair of mountain boots (worn) {steadfast, rC+}
   (You bought it in a shop on level 6 of the Dungeon)

   Steadfast: It prevents involuntary movement, except for blinking,
   teleportation, or banishment.
   rC+:       It protects you from cold.
 q - a +4 plate armour of cold resistance (worn)
 C - the +2 pair of gloves "Ygetsaw" (worn) {rN++}
   (You bought it in a shop on level 6 of the Dungeon)

   rN++:      It greatly protects you from negative energy.
 I - a scarf of shadows
 T - the +3 cloak of Uttula (worn) {Str+2}
   (You found it on level 15 of the Dungeon)

   Str+2:     It affects your strength (+2).
Jewellery
 i - the amulet of Vitality (around neck) {RegenMP++ Regen++}
   (You found it on level 15 of the Dungeon)

   [amulet of magic regeneration]

   RegenMP:   It increases your rate of magic regeneration.
   Regen++:   It increases your rate of health regeneration.
 G - the ring of Iroc {*Slow Str+6 Dex+6 Stlth+}
   (You found it on level 15 of the Dungeon)

   [ring of dexterity]

   Str+6:     It affects your strength (+6).
   Dex+6:     It affects your dexterity (+6).
   *Slow:     It may slow you when you take damage.
   Stlth+:    It makes you more stealthy.
 O - a ring of fire
 Q - a ring of willpower
 R - a ring of willpower
 V - the amulet "Boutiof" {Faith Drain rElec rC++ rCorr}
   (You found it on level 1 of the Snake Pit)

   [amulet of faith]

   Faith:     It allows you to gain divine favour quickly.
   rC++:      It greatly protects you from cold.
   rElec:     It insulates you from electricity.
   rCorr:     It protects you from acid and corrosion.
   Drain:     It drains your maximum health when unequipped.
 W - the ring "Jeixak" (right hand) {rPois rN+ MP+9}
   (You found it on level 1 of the Snake Pit)

   [ring of magical power]

   rPois:     It protects you from poison rN+: It protects you from negative
   energy.
   MP+9:      It affects your magic capacity (+9).
 Y - a ring of the Octopus King (left hand) {rCorr HP+2 AC+2 EV+2 SH+2}
   (You found it on level 5 of the Lair of Beasts)

   [ring of resist corrosion]

   AC+2:      It affects your AC (+2).
   EV+2:      It affects your evasion (+2).
   HP+2:      It affects your health (+2).
   rCorr:     It protects you from acid and corrosion.
   SH+2:      It affects your SH (+2).
Wands
 d - a wand of mindburst (32)
 v - a wand of flame (73)
 B - a wand of polymorph (16)
 S - a wand of roots (8)
 Z - a wand of quicksilver (2)
Scrolls
 b - 3 scrolls of blinking
 f - a scroll of summoning
 l - 3 scrolls of teleportation
 n - 8 scrolls of enchant armour
 r - 2 scrolls of revelation
 y - 4 scrolls of fear
 E - 8 scrolls of identify
 F - 3 scrolls of vulnerability
 H - 5 scrolls of fog
 K - a scroll of silence
 L - 3 scrolls of enchant weapon
 M - 3 scrolls of immolation
 P - 3 scrolls of poison
Potions
 g - a potion of magic
 h - 3 potions of mutation
 k - 5 potions of curing
 m - 2 potions of resistance
 o - 7 potions of attraction
 p - 5 potions of cancellation
 s - 5 potions of brilliance
 t - 5 potions of ambrosia
 w - 2 potions of heal wounds
 x - 4 potions of lignification
 N - 3 potions of enlightenment
 U - 4 potions of might
 X - 2 potions of haste
Miscellaneous
 A - a sack of spiders


   Skills:
 * Level 21.3 Fighting
 - Level 20.0 Axes
 + Level 15.9 Armour
 + Level 13.9 Dodging
 - Level 3.6 Shields
 + Level 8.0 Invocations


You had 16 spell levels left.
You didn't know any spells.
Your spell library contained the following spells:

 Spells                   Type           Power      Damage    Failure   Level
 Kiss of Death            Conj/Necr      0%         2d5       98%         1
 Sting                    Tmut/Pois      0%         1d3       98%         1
 Poisonous Vapours        Pois/Air       0%         N/A       99%         2
 Static Discharge         Conj/Air       0%         3-3/arc   99%         2
 Wereblood                Tmut           0%         N/A       99%         2
 Confusing Touch          Hex            0%         N/A       100%        3
 Airstrike                Air            0%         2d(0-16)  100%        4
 Dispel Undead            Necr           0%         3d6       100%        4
 Olgreb's Toxic Radiance  Pois           0%         N/A       100%        4
 Summon Lightning Spire   Summ/Air       0%         N/A       100%        4
 Irradiate                Conj/Tmut      0%         3d11      100%        5


Dungeon Overview and Level Annotations

Branches:
Dungeon (15/15)            Temple (1/1) D:5            Lair (5/5) D:11
 Shoals (0/4) Lair:2        Snake (3/4) Lair:2        Slime (0/5) Lair:5
    Orc (2/2) D:10            Elf (0/3) Orc:2        Vaults (0/5) D:14
 Depths (0/4) D:15          Sewer (visited)

Altars:
Ashenzari
Cheibriados
Dithmenos
Elyvilon
Fedhas
Gozag
Hepliaklqana
Kikubaaqudgha
Makhleb
Nemelex Xobeh
Okawaru
Qazlal
Ru
Sif Muna
Trog
Uskayaw
Vehumet
Wu Jian
Xom
Yredelemnul
Zin
The Shining One
Jiyva

Shops:
D:5 :   D:6 *   D:9 *   D:15 :   Orc:1 [   Orc:2 [(**

Annotations:
D:1 1 transporter
D:7 2 transporters, Nudhul's ghost, novice MiBe
Lair:5 2 transporters, exclusion: oklob plant, Geyrauw's ghost, journeyman GnRe


Innate Abilities, Weirdness & Mutations

You have a pair of horns on your head.
You reflexively headbutt those who attack you in melee.
You are partially covered in iridescent scales. (AC +2)
You occasionally lose the ability to drink potions when taking damage.


Message History

The salamander tyrant calls gouts of flame from the lava!
The flame surge hits you!
You feel threatened and lose the ability to drink potions!
You take 16 damage, and have 85/175 hp.
You slice the salamander tyrant!! You freeze the salamander tyrant!
The salamander tyrant is almost dead.
You barely miss the salamander tyrant. You barely miss the salamander mystic.
You hit the salamander mystic but do no damage.
The salamander tyrant calls gouts of flame from the lava!
The flame surge hits you!!
The salamander mystic hits you but does no damage.
The salamander tyrant completely misses you.
You furiously retaliate!
You headbutt the salamander tyrant!
The salamander hits you from afar with a +0 trident.
You are engulfed in flames!
* * * LOW HITPOINT WARNING * * *
The salamander mystic hits you but does no damage.
You take 38 damage, and have 47/175 hp.
MASSIVE DAMAGE!!
You slice the salamander tyrant!! You freeze the salamander tyrant!
You kill the salamander tyrant!
You hit the salamander mystic. You freeze the salamander mystic.
You hit the salamander mystic. You freeze the salamander mystic.
You hit the salamander tyrant. You freeze the salamander tyrant.
You block the salamander mystic's attack.
The salamander mystic misses you. You furiously retaliate!
You headbutt the salamander mystic.
The salamander tyrant calls gouts of flame from the lava!
The flame surge hits you!!
* * * LOW HITPOINT WARNING * * *
You take 25 damage, and have 22/175 hp.
The salamander mystic barely misses you.
You furiously retaliate!
You headbutt the salamander mystic.
You block the salamander mystic's attack.
The salamander mystic hits you but does no damage.
The salamander tyrant gazes fiercely through you!
You feel as though you will be weak longer.
The salamander tyrant hits you.
* * * LOW HITPOINT WARNING * * *
You are engulfed in flames!!
You die...

#### ###≈§≈## ##≈≈≈§§≈≈
##≈≈§.§..≈ #§≈NNNN...
##§@N§N§§. ##§NN##.##§.§
########.###.## .##
###..<..<..##≈.≈# .≈#
##...##<..#.###.## #.##
.....##.....##≈.≈## ##§.≈#
##...#.....####)#§###≈#.##
####...#...# #≈.)#≈#≈#).≈#
...#...##### ##.....)§).##


You could see 2 salamander tyrants, 3 salamander mystics and a salamander.

Vanquished Creatures
  Vashnia (Snake:3)
  Saint Roka (Orc:2)
  A lich (D:15)
  The ghost of Qitorr the Bludgeoner, an adept FoFi of Zin (D:15)
  A nagaraja (Snake:2)
  Josephine (D:13)
  A great orb of eyes (D:15)
  Fannar (D:11)
  A salamander tyrant (Snake:3)
  7 hydras
  An ogre mage (D:15)
  4 boulder beetles
  4 centaur warriors
  4 vault guards (D:14)
  A catoblepas (Lair:1)
  5 two-headed ogres
  7 anacondas
  A death knight (D:15)
  15 death yaks
  A merfolk avatar (Lair:5)
  8 naga warriors
  5 naga sharpshooters
  2 shock serpents
  An orc high priest (Orc:2)
  Sonja (Lair:3)
  Nergalle (D:11)
  3 salamander mystics
  17 skeletal warriors
  3 skysharks
  A lindwurm (Lair:5)
  4 naga ritualists
  2 phantasmal warriors (D:15)
  A steelbarb worm (shapeshifter) (D:15)
  3 deep elf pyromancers
  2 orc knights
  10 mana vipers
  2 harpies
  8 cyclopes
  3 orc sorcerers (Orc:2)
  9 ugly things
  5 manticores
  16 salamanders
  12 elephants
  24 black mambas
  4 guardian serpents
  12 naga magi
  21 cane toads
  3 gargoyles (D:13)
  An efreet (D:14)
  A kobold demonologist (D:14)
  9 rime drakes
  4 yaktaurs (D:15)
  2 freezing wraiths (D:15)
  16 komodo dragons
  9 trolls
  A wind drake (shapeshifter) (D:14)
  6 meliai (D:13)
  3 polar bears
  A hornet (Lair:5)
  Prince Ribbit (D:7)
  10 blink frogs
  7 dream sheep
  7 slime creatures
  Sigmund (D:6)
  4 shadows
  2 water elementals (D:15)
  29 yaks
  8 wraiths
  5 wyverns
  9 basilisks
  A human (shapeshifter) (D:15)
  A death yak simulacrum (Orc:1)
  4 wargs
  3 steam dragons
  6 vampire mosquitoes
  24 nagas
  An acid dragon (D:11)
  15 water moccasins
  33 orc warriors
  3 ice beasts (D:6)
  2 sky beasts
  8 centaurs
  6 ogres
  8 wolves
  2 phantoms
  5 kobold brigands
  10 bullfrogs
  5 scorpions
  5 wights (D:7)
  6 killer bees
  An elephant simulacrum (Orc:1)
  9 electric eels (D:10)
  7 howler monkeys
  9 jellies
  5 hounds
  14 orc priests
  A gnoll bouda (D:6)
  Natasha (thrice) (D:3)
  Terence (D:3)
  14 orc wizards
  11 iguanas
  2 spriggan simulacra (Orc:1)
  A troll simulacrum (Orc:1)
  A wolf simulacrum (Orc:1)
  4 gnolls
  14 adders
  2 naga simulacra (Orc:1)
  3 river rats (Sewer)
  A shadow imp (D:6)
  A white imp (D:6)
  A worm (D:3)
  4 dart slugs
  84 orcs
  10 endoplasms
  2 giant cockroaches
  8 goblins
  4 hobgoblins
  16 kobolds
  7 quokkas
  13 ball pythons
  9 bats
  6 frilled lizards
  10 rats
804 creatures vanquished.

Vanquished Creatures (collateral kills)
  2 liches (D:15)
  The ghost of Carotun the Warrior, a journeyman FoFi of Okawaru (D:15)
3 creatures vanquished.

Vanquished Creatures (others)
  An orc wizard (Orc:2)
1 creature vanquished.

Grand Total: 808 creatures vanquished

Notes
Turn   | Place    | Note
-------+----------+-------------------------------------------
     0 | D:1      | jasper the Minotaur Fighter began the quest for the Orb.
     0 | D:1      | Reached XP level 1. HP: 19/19 MP: 0/0
    59 | D:1      | Reached XP level 2. HP: 26/26 MP: 1/1
   539 | D:1      | Reached XP level 3. HP: 31/31 MP: 2/2
  1354 | D:3      | Noticed Natasha
  1371 | D:3      | Killed Natasha
  1372 | D:3      | Reached skill level 5 in Axes
  1372 | D:3      | Reached XP level 4. HP: 22/39 MP: 3/3
  1450 | D:3      | Noticed Terence
  1459 | D:3      | Killed Terence
  1473 | D:3      | Noticed Natasha
  1479 | D:3      | Killed Natasha
  1487 | D:3      | Reached XP level 5. HP: 45/45 MP: 4/4
  1652 | D:3      | Found a faded altar of an unknown god.
  1662 | D:3      | Prayed at the altar of an unknown god.
  1662 | D:3      | Became a worshipper of Zin the Law-Giver
  1662 | D:3      | Reached * piety under Zin
  1662 | D:3      | Reached ** piety under Zin
  1689 | D:3      | Noticed Natasha
  1695 | D:3      | Killed Natasha
  2124 | D:4      | Reached XP level 6. HP: 50/51 MP: 5/5
  2131 | D:4      | Reached *** piety under Zin
  2702 | D:5      | Entered Level 5 of the Dungeon
  2710 | D:5      | Found a staircase to the Ecumenical Temple.
  2722 | D:5      | Reached XP level 7. HP: 48/57 MP: 6/6
  2967 | D:5      | Reached skill level 10 in Axes
  3132 | D:5      | Found a glowing drain.
  3160 | Sewer    | Entered a sewer
  3534 | D:5      | Found Xafunu Firr's Book Shoppe.
  3946 | D:5      | Reached **** piety under Zin
  4037 | Temple   | Entered the Ecumenical Temple
  4048 | Temple   | Fell from the grace of Zin
  4048 | Temple   | Became a worshipper of the Shining One
  4048 | Temple   | Reached * piety under the Shining One
  4048 | Temple   | Reached ** piety under the Shining One
  4075 | D:6      | Reached XP level 8. HP: 62/64 MP: 7/7
  4602 | D:6      | Found Qahaka Gume's Assorted Antiques.
  4610 | D:6      | Bought a pair of smoking gloves for 218 gold pieces
  4610 | D:6      | Identified the +2 pair of gloves "Ygetsaw" {rN++} (You
                  | bought it in a shop on level 6 of the Dungeon)
  4690 | D:6      | Found a bloodstained altar of Trog.
  4759 | D:6      | Found an iron altar of Okawaru.
  4851 | D:6      | Noticed Sigmund
  4861 | D:6      | Killed Sigmund
  4862 | D:6      | Reached XP level 9. HP: 70/70 MP: 8/8
  5174 | D:7      | Reached skill level 15 in Axes
  5355 | D:7      | Found a transporter.
  5388 | D:7      | Found a transporter.
  5428 | D:7      | Reached *** piety under the Shining One
  5429 | D:7      | Noticed Nudhul's ghost (novice MiBe)
  5595 | D:7      | Noticed Prince Ribbit
  5599 | D:7      | Killed Prince Ribbit
  5600 | D:7      | Reached skill level 4 in Fighting
  6137 | D:8      | Found a stormy altar of Qazlal.
  6674 | D:9      | Reached skill level 5 in Fighting
  6674 | D:9      | Reached skill level 5 in Armour
  6701 | D:9      | Reached XP level 10. HP: 73/81 MP: 9/9
  6826 | D:9      | Reached skill level 1 in Dodging
  6826 | D:9      | Reached skill level 1 in Invocations
  6844 | D:9      | Reached skill level 6 in Fighting
  7223 | D:9      | Found Fairchemu's Assorted Antiques.
  7247 | D:9      | Bought a scroll of teleportation for 66 gold pieces
  7247 | D:9      | Bought a granite ring for 110 gold pieces
  7275 | D:10     | Entered Level 10 of the Dungeon
  7644 | D:10     | Reached skill level 7 in Fighting
  7700 | D:10     | Found a staircase to the Orcish Mines.
  8468 | D:11     | Noticed a two-headed ogre
  8472 | D:11     | Killed a two-headed ogre
  8473 | D:11     | Reached skill level 8 in Fighting
  8557 | D:11     | Noticed a cyclops
  8566 | D:11     | Noticed a cyclops
  8573 | D:11     | Killed a cyclops
  8577 | D:11     | Killed a cyclops
  8578 | D:11     | Reached XP level 11. HP: 79/95 MP: 10/12
  8764 | D:11     | Noticed Fannar
  8777 | D:11     | Killed Fannar
  8875 | D:11     | Reached skill level 9 in Fighting
  9013 | D:11     | Noticed Nergalle
  9028 | D:11     | Killed Nergalle
  9393 | D:11     | Reached **** piety under the Shining One
  9398 | D:11     | Reached skill level 5 in Dodging
  9402 | D:11     | Found a staircase to the Lair.
  9538 | Lair:1   | Entered Level 1 of the Lair of Beasts
  9548 | Lair:1   | Reached skill level 10 in Fighting
  9937 | Lair:1   | You fall into a shaft and drop 1 floor!
  9937 | Lair:2   | Noticed a death yak
  9937 | Lair:2   | Found a staircase to the Snake Pit.
  9941 | Lair:2   | Noticed a death yak
  9942 | Lair:2   | Noticed a death yak
  9942 | Lair:2   | Noticed a death yak
  9944 | Lair:2   | Noticed a death yak
 10193 | Lair:1   | Reached skill level 11 in Fighting
 10233 | Lair:1   | Reached XP level 12. HP: 110/110 MP: 13/13
 10859 | Lair:1   | Noticed a catoblepas
 10871 | Lair:1   | Noticed a five-headed hydra
 10872 | Lair:1   | Noticed a boulder beetle
 11141 | Lair:1   | Killed a catoblepas
 11205 | Lair:1   | Killed a five-headed hydra
 11355 | Lair:1   | Killed a boulder beetle
 11356 | Lair:1   | Reached skill level 12 in Fighting
 11747 | Lair:2   | Noticed a four-headed hydra
 11752 | Lair:2   | Noticed an eight-headed hydra
 11765 | Lair:2   | Killed a four-headed hydra
 12071 | Lair:2   | Killed a death yak
 12078 | Lair:2   | Killed a death yak
 12084 | Lair:2   | Killed a death yak
 12091 | Lair:2   | Killed a death yak
 12096 | Lair:2   | Killed a death yak
 12097 | Lair:2   | Reached skill level 13 in Fighting
 12097 | Lair:2   | Reached skill level 10 in Armour
 12768 | Lair:2   | Found a staircase to the Shoals.
 13066 | Lair:2   | Killed an eight-headed hydra
 13067 | Lair:2   | Reached XP level 13. HP: 98/122 MP: 14/14
 13313 | Lair:3   | Noticed Sonja
 13316 | Lair:3   | Killed Sonja
 13543 | Lair:2   | Reached skill level 14 in Fighting
 14814 | Lair:4   | Reached skill level 15 in Fighting
 15606 | Lair:5   | Entered Level 5 of the Lair of Beasts
 15719 | Lair:5   | Reached ***** piety under the Shining One
 15796 | Lair:5   | Reached XP level 14. HP: 136/136 MP: 15/15
 16044 | Lair:5   | Reached skill level 10 in Dodging
 16080 | Lair:5   | Reached skill level 16 in Fighting
 16487 | Lair:5   | Found a bloodstained altar of Trog.
 16505 | Lair:5   | Found a staircase to the Slime Pits.
 16505 | Lair:5   | Found a viscous altar of Jiyva.
 17157 | Lair:5   | Found a transporter.
 17157 | Lair:5   | Noticed Geyrauw's ghost (journeyman GnRe)
 17161 | Lair:5   | Found a transporter.
 17343 | Lair:5   | Found the ring of the Octopus King
 17347 | Lair:5   | Identified a ring of the Octopus King {rCorr HP+2 AC+2 EV+2
                  | SH+2}
 17619 | Orc:1    | Entered Level 1 of the Orcish Mines
 17744 | Orc:2    | Entered Level 2 of the Orcish Mines
 18036 | Orc:2    | Found a staircase to the Elven Halls.
 18060 | Orc:2    | Noticed Saint Roka
 18435 | Orc:1    | Found Vulixa's Armour Shop.
 19019 | D:6      | Bought the +3 pair of mountain boots {steadfast, rC+} for
                  | 770 gold pieces
 19019 | D:6      | Found the +3 pair of mountain boots {steadfast, rC+}
 19307 | D:12     | Reached skill level 17 in Fighting
 19981 | D:13     | Reached ****** piety under the Shining One
 20521 | D:13     | Noticed Josephine
 20531 | D:13     | Killed Josephine
 20995 | D:14     | Reached XP level 15. HP: 141/148 MP: 16/16
 21278 | D:14     | Found a gate to the Vaults.
 21297 | D:14     | Reached skill level 18 in Fighting
 22455 | D:15     | Entered Level 15 of the Dungeon
 22578 | D:15     | Found Urarch's Tremendous Tomes.
 22933 | D:15     | Found a runed translucent gate.
 22933 | D:15     | Found a runed translucent gate.
 22933 | D:15     | Found a runed translucent gate.
 22934 | D:15     | Noticed Qitorr's ghost (adept FoFi)
 22935 | D:15     | Found an ancient bone altar of Kikubaaqudgha.
 22935 | D:15     | Noticed Carotun's ghost (journeyman FoFi)
 22935 | D:15     | Noticed a lich
 22935 | D:15     | Noticed a lich
 22935 | D:15     | Noticed a lich
 22936 | D:15     | Found the amulet of Vitality {RegenMP++ Regen++}
 23241 | D:15     | Reached skill level 19 in Fighting
 23367 | D:15     | Reached skill level 5 in Invocations
 23367 | D:15     | Found a staircase to the Depths.
 23529 | D:15     | Identified a scroll of acquirement
 23531 | D:15     | Acquired 445 gold pieces
 23628 | D:15     | Killed a lich
 23629 | D:15     | Killed a lich
 23630 | D:15     | Killed Qitorr's ghost
 23635 | D:15     | Killed Carotun's ghost
 23636 | D:15     | Killed a lich
 23641 | D:15     | Identified the +3 cloak of Uttula {Str+2}
 23658 | D:15     | Identified the ring of Iroc {*Slow Str+6 Dex+6 Stlth+}
 23782 | D:15     | Identified the +4 scale mail of Caejez {rPois Dex+2}
 24135 | Orc:2    | Paralysed by an orc sorcerer for 5 turns
 24219 | Orc:2    | Paralysed by an orc sorcerer for 2 turns
 24225 | Orc:2    | Reached XP level 16. HP: 113/161 MP: 19/19
 24241 | Orc:2    | Killed Saint Roka
 24390 | Orc:2    | Found Vunoykk's General Store.
 24408 | Orc:2    | Bought a scroll of fog for 40 gold pieces
 24408 | Orc:2    | Bought a potion of might for 40 gold pieces
 24408 | Orc:2    | Bought a scroll of revelation for 75 gold pieces
 24438 | Orc:2    | Found Vuefeb's Assorted Antiques.
 24462 | Orc:2    | Bought a potion of cancellation for 184 gold pieces
 24462 | Orc:2    | Bought an embroidered scarf for 184 gold pieces
 24501 | Orc:2    | Found Ruxiy's Antique Weapon Boutique.
 24508 | Orc:2    | Found Noinuh's Antique Armour Shop.
 24777 | Snake:1  | Entered Level 1 of the Snake Pit
 24877 | Snake:1  | Found a transporter.
 24944 | Snake:1  | Reached skill level 20 in Fighting
 25082 | Snake:1  | Reached skill level 15 in Armour
 25101 | Snake:1  | Found a transporter.
 25717 | Snake:1  | Gained mutation: You occasionally lose the ability to drink
                  | potions when taking damage. [mutagenic glow]
 25731 | Snake:1  | Gained mutation: You are partially covered in iridescent
                  | scales. (AC +2) [mutagenic glow]
 25740 | Snake:1  | Identified the ring "Jeixak" {rPois rN+ MP+9}
 25756 | Snake:1  | Identified the staff of Liacocs {rC+ Int+4 Ice}
 25759 | Snake:1  | Identified the +6 battleaxe "Xuhot" {vamp, rElec rPois
                  | Will- Dex+3}
 25761 | Snake:1  | Identified the amulet "Boutiof" {Faith Drain rElec rC++
                  | rCorr}
 26705 | Snake:3  | Reached skill level 21 in Fighting
 26793 | Snake:3  | Noticed Vashnia
 26814 | Snake:3  | Killed Vashnia
 26923 | Snake:3  | Reached XP level 17. HP: 144/173 MP: 21/21
 27054 | Snake:3  | Slain by a salamander tyrant

Illustrated notes

Levels and vault maps discovered:
D:1:      spicycebolla_arrival_risky_transporter, layout_basic,
          minmay_stone_trees_small
D:2:      layout_basic, minmay_heptomino_l4
D:3:      layout_rooms, shapermc_ecumenical_altar_pompeii, uniq_natasha,
          uniq_terence
D:4:      minmay_evil_eye, layout_rooms
D:5:      layout_gridville, minmay_temple_entry_drinking_statues,
          gup_sewer_entry_glass, serial_shops,
          nicolae_shop_pleasant_corner_grove, wad_floor_pattern_2
D:6:      layout_cave_pools, mainiacjoe_overflow_swirl, serial_shops, shop,
          uniq_sigmund
D:7:      layout_cave_pools, gammafunk_ghost_stat_death, uniq_prince_ribbit1
D:8:      layout_basic, nicolae_qazlal_beasts_of_the_sky
D:9:      layout_loops_cross, serial_shops, shop_statue
D:10:     layout_basic, hiddenorc1_lemuel
D:11:     layout_roguey, david_lair_shrubbed, uniq_fannar, uniq_nergalle
D:12:     layout_roguey, chequers_serial_rivers_micro_e
D:13:     layout_stronghold, uniq_josephine
D:14:     kennysheep_six_static_rooms, layout_irregular_city,
          lightli_vaults_fourway_checkpoint, minmay_misc_feat_chi,
          hangedman_ranch
D:15:     gammafunk_enter_depths_forms, layout_basic, gammafunk_ghost_crypt,
          nicolae_shop_i_like_big_books, grunt_ministairs_13
Temple:   hellmonk_temple_of_storms
Lair:1:   layout_small_grid, hangedman_lair_generics_rect
Lair:2:   layout_cave_pods, nicolae_shoals_entry_roost,
          guppyfry_snake_entry_island, chequers_serial_rivers_room_b,
          grunt_megastairs_2
Lair:3:   beast_lair_carwin_large_4, layout_regular_city, uniq_sonja
Lair:4:   layout_concentric_octagons, serial_forest, infiniplex_forest_3_way,
          infiniplex_forest_lined_3, infiniplex_forest_3_way,
          infiniplex_forest_straight_2, infiniplex_forest_fountain,
          infiniplex_forest_end_2, chequers_serial_rivers_marsh,
          grunt_forest_large_clearings
Lair:5:   gammafunk_lair_ancient_temple, layout_misc_corridors,
          nicolae_slime_entry_field_trip, gammafunk_ghost_hive,
          lemuel_oklob_altar
Snake:1:  gammafunk_its_a_trap, layout_gridlike
Snake:2:  layout_gridlike, serial_bayou_pond_a
Snake:3:  cheibrodos_snake_lava_hold, layout_misc_corridors, st_stairs_12,
          uniq_aizul, uniq_vashnia, uniq_donald
Orc:1:    layout_diamond_mine, serial_shops, shop, basic_altar,
          portal_ice_cave_entry_ice_simulacra, lightli_orcish_oven
Orc:2:    grunt_orc_community_town_hall, layout_caves,
          grunt_orc_community_big_house_1, grunt_orc_community_big_house_1,
          grunt_orc_community_house_3, grunt_orc_community_house_2,
          grunt_orc_community_house_3, grunt_orc_community_house_3,
          grunt_orc_community_house_2, grunt_orc_community_house_2

Skill      XL: |  1  2  3  4  5  6  7  8  9 10 11 12 13 14 15 16 17 |
---------------+----------------------------------------------------+-----
Axes           | 3 4 5 6 7 9 11 13 16 17 18 19 20 | 20.0
Fighting       | 5 8 11 13 15 17 19 21 | 21.3
Armour         | 5 6 8 10 11 13 14 15 | 15.9
Dodging        | 3 6 8 9 11 12 13 | 13.9
Invocations    | 3 5 7 8 |  8.0
Shields        | |  3.6

Action                     |  1- 3 |  4- 6 |  7- 9 | 10-12 | 13-15 | 16-18 || total
---------------------------+-------+-------+-------+-------+-------+-------++-------
  Melee: War axe           |    47 |   116 |   168 |       |       |       ||   331
         Headbutt          |     2 |    17 |    56 |   112 |   261 |    89 ||   537
         Battleaxe         |       |       |    53 |   339 |   810 |   319 ||  1521
         Dire flail        |       |       |       |    15 |    20 |       ||    35
         Quarterstaff      |       |       |       |     8 |       |       ||     8
         Hand axe          |       |       |       |       |     3 |       ||     3
   Fire: Sling             |    58 |       |       |       |       |       ||    58
  Throw: Stone             |    11 |    15 |       |    11 |    42 |       ||    79
 Invoke: Divine Shield     |       |       |       |     2 |     1 |       ||     3
         Summon Divine War |       |       |       |       |     1 |       ||     1
  Evoke: Wand              |       |     1 |       |    19 |     5 |       ||    25
    Use: Potion            |       |     1 |       |     3 |     2 |     2 ||     8
         Scroll            |       |    14 |     8 |     6 |     6 |     2 ||    36
 Armour: Scale mail        |    30 |       |       |       |       |       ||    30
         Plate armour      |    13 |    96 |   211 |   512 |   650 |   352 ||  1834
  Dodge: Dodged            |    24 |    19 |    62 |   138 |   343 |   270 ||   856
  Block: Buckler           |    16 |    18 |    36 |       |       |       ||    70
         Other             |       |       |       |    41 |   186 |    27 ||   254
         Reflection        |       |       |       |       |     4 |       ||     4

Table legend: (Time is in decaauts)
 A = Elapsed time spent in this place.
 B = Non-inter-level travel time spent in this place.
 C = Inter-level travel time spent in this place.
 D = Time resting spent in this place.
 E = Time spent auto-exploring this place.
 F = Levels seen in this place.
 G = Mean time per level.
                   A        B        C        D        E       F      G
               +--------+--------+--------+--------+--------+-----+--------+
         Total |  27045 |  25287 |   1758 |   1678 |  18696 |  27 | 1001.7 |
       Dungeon |  14593 |  13573 |   1020 |    568 |  10583 |  15 |  972.9 |
        Temple |     22 |      2 |     20 |      0 |      0 |   1 |   22.0 |
          Lair |   7942 |   7527 |    415 |   1012 |   5154 |   5 | 1588.4 |
     Snake Pit |   2221 |   2049 |    172 |     10 |   1482 |   3 |  740.3 |
  Orcish Mines |   1860 |   1730 |    130 |     88 |   1218 |   2 |  930.0 |
         Sewer |    405 |    405 |      0 |      0 |    258 |   1 |  405.0 |
               +--------+--------+--------+--------+--------+-----+--------+

Top non-repeatable levels by time:
  Lair:2: 2137 daAuts
  Lair:1: 1859 daAuts
    D:14: 1519 daAuts
    D:15: 1445 daAuts
    D:13: 1416 daAuts
  Lair:4: 1387 daAuts
  Lair:5: 1379 daAuts
    D:10: 1344 daAuts
    D:11: 1244 daAuts
  Lair:3: 1178 daAuts
     D:6: 1116 daAuts
 Snake:1: 1067 daAuts
     D:9: 1054 daAuts
     D:5: 999 daAuts
   Orc:2: 964 daAuts
